 Dungeon Crawl Stone Soup version 0.25-a0-425-g0e000e855e (webtiles) character file.

Game seed: 12713103623215997112, levelgen mode: deterministic

120 Nattfarinn the Skirmisher (level 4, -4/63 HPs)
             Began as a Minotaur Berserker on Jan 24, 2020.
             Was a Believer of Trog.
             Slain by an orc warrior
             ... wielding a +0 scimitar
              (27 damage)
             ... on level 3 of the Dungeon.
             The game lasted 00:03:02 (1989 turns).

Nattfarinn the Skirmisher (Minotaur Berserker)      Turns: 1989, Time: 00:03:03

Health: -4/63      AC:  6    Str: 30    XL:     4   Next: 75%
Magic:  3/3        EV: 12    Int:  4    God:    Trog [**....]
Gold:   154        SH:  0    Dex:  9    Spells: 3/3 levels left

rFire    + . .     SeeInvis .   a - +0 mace
rCold    . . .     Gourm    .   (no shield)
rNeg     . . .     Faith    .   t - +2 leather armour {rF+}
rPois    +         Spirit   .   (helmet restricted)
rElec    .         Reflect  .   x - +0 cloak
rCorr    .         Harm     +   (no gloves)
MR       .....                  (no boots)
Stlth    ..........             g - amulet of harm
HPRegen  0.20/turn              s - +2 ring of strength
MPRegen  0.08/turn              l - ring of poison resistance

@: berserking, very quick
A: retaliatory headbutt, horns 2
a: Berserk, Trog's Hand, Renounce Religion


You were on level 3 of the Dungeon.
You worshipped Trog.
Trog was pleased with you.
You were very hungry.

You visited 1 branch of the dungeon, and saw 3 of its levels.

You collected 154 gold pieces.

Inventory:

Hand Weapons
 a - a +0 mace (weapon)
Armour
 b - a +0 animal skin
 t - a +2 leather armour of fire resistance (worn)
 x - a +0 cloak (worn)
Jewellery
 g - an amulet of harm (around neck)
 l - a ring of poison resistance (right hand)
 s - a +2 ring of strength (left hand)
 u - an uncursed ring of magical power
Scrolls
 d - 2 scrolls of identify {unknown}
 h - 2 scrolls of teleportation {unknown}
 i - a scroll of fog {unknown}
 j - 2 scrolls of remove curse {unknown}
 k - a scroll of enchant armour {unknown}
 p - a scroll of fear {unknown}
 q - a scroll of blinking {unknown}
Potions
 e - a potion of invisibility {unknown}
 f - a potion of agility {unknown}
 m - 3 potions of heal wounds {unknown}
 n - a potion of curing {unknown}
 o - 2 potions of might {unknown}
 r - 2 potions of lignification {unknown}
 v - a potion of berserk rage {unknown}
Comestibles
 c - 3 rations
 w - 8 chunks of flesh


   Skills:
 * Level 5.1 Fighting
 + Level 4.4 Maces & Flails
 + Level 3.4 Armour
 + Level 3.1 Dodging


You had 3 spell levels left.
You didn't know any spells.
Your spell library was empty.

Dungeon Overview and Level Annotations

Branches:
Dungeon (3/15)

Altars:
Hepliaklqana
Makhleb
Nemelex Xobeh
Okawaru
Ru
Vehumet
Wu Jian
Xom
Yredelemnul


Innate Abilities, Weirdness & Mutations

You reflexively headbutt those who attack you in melee.
You have a pair of horns on your head.


Message History

The orc warrior hits you with a +0 scimitar!!
Ouch! That really hurt!
You are too injured to fight recklessly!
You are too injured to fight recklessly!
You are too injured to fight recklessly!
You are too injured to fight recklessly!
You are too injured to fight recklessly!
You are too injured to fight recklessly!
You are too injured to fight recklessly!
You are too injured to fight recklessly!
You are too injured to fight recklessly!
You are too injured to fight recklessly!
You are too injured to fight recklessly!
You are too injured to fight recklessly!
You are too injured to fight recklessly!
A red film seems to cover your vision as you go berserk!
You feel yourself moving faster!
You feel mighty!
You are feeling very hungry.
The orc warrior hits you with a +0 scimitar!!
You die...

+# .# ..... ###.. ##
..>. ... . #..# ... #
#..# #########.# #..#
#........o# # ##..#
#........@#.###.#
....####.........#......
..###
.......+................
.....
..#..###.........#+###+#
...##
..#.....................
##
..#.....................
#.
..#........[............
#.
..#............#.......#
#.
..#............#.....^.#
#.


You could see an orc warrior.

Vanquished Creatures
  An orc wizard (D:2)
  Robin (D:3)
  2 oozes
  2 dart slugs
  2 worms
  2 leopard geckos
  3 orcs
  A ball python (D:2)
  8 bats
  A bat zombie (D:2)
  A giant cockroach (D:2)
  5 goblins (D:3)
  13 hobgoblins
  3 jackals (D:1)
  7 kobolds
  3 frilled lizards
  2 rats
57 creatures vanquished.

Notes
Turn   | Place    | Note
-------+----------+-------------------------------------------
     0 | D:1      | Nattfarinn the Minotaur Berserker began the quest for the
                  | Orb.
     0 | D:1      | Reached XP level 1. HP: 19/19 MP: 0/0
   114 | D:1      | Reached XP level 2. HP: 25/27 MP: 1/1
   119 | D:1      | Reached skill level 4 in Fighting
   755 | D:2      | Found a basalt altar of Yredelemnul.
   835 | D:2      | Reached XP level 3. HP: 20/33 MP: 2/2
  1029 | D:2      | Reached ** piety under Trog
  1040 | D:2      | Found a radiant altar of Vehumet.
  1086 | D:2      | Found a burning altar of Makhleb.
  1088 | D:2      | Found a sparkling altar of Nemelex Xobeh.
  1089 | D:2      | Found a hazy altar of Hepliaklqana.
  1090 | D:2      | Found a sacrificial altar of Ru.
  1090 | D:2      | Found an ornate altar of the Wu Jian Council.
  1091 | D:2      | Found an iron altar of Okawaru.
  1096 | D:2      | Reached XP level 4. HP: 31/41 MP: 3/3
  1413 | D:2      | Found a shimmering altar of Xom.
  1753 | D:3      | Found a faded altar of an unknown god.
  1780 | D:3      | Noticed Robin
  1790 | D:3      | Killed Robin
  1790 | D:3      | Reached skill level 5 in Fighting
  1983 | D:3      | Noticed an orc warrior
  1989 | D:3      | Slain by an orc warrior

Levels and vault maps discovered:
D:1:      erik_arrival_cave_to_civilisation [erik_arrival_cave_to_hall],
          layout_basic, minmay_cut_off
D:2:      minmay_evil_eye, layout_basic, lemuel_coloured_pillars_altar,
          grunt_temple_overflow_open, overflow_temple_1_default, first_ration,
          minivault_19, yredelemnul_altar_generic
D:3:      layout_basic, lemuel_crystal_altar, chequers_ecumenical_altar_simple,
          uniq_robin, uniq_jessica

Skill      XL: |  1  2  3  4 |
---------------+-------------+-----
Fighting       | 4 5 |  5.1
Maces & Flails | 4 |  4.4
Armour         | 3 |  3.4
Dodging        | 3 |  3.1

Action                   |  1- 3 |  4- 6 || total
-------------------------+-------+-------++-------
Melee: Mace              |    63 |    47 ||   110
       Headbutt          |    12 |     5 ||    17
Invok: Berserk           |       |     2 ||     2
  Eat: Chunk             |     1 |     3 ||     4
Armor: Animal skin       |     6 |       ||     6
       Leather armour    |       |    19 ||    19
Dodge: Dodged            |    36 |    27 ||    63

Table legend:
 A = Non-vault XP
 B = Vault XP
 C = Vault XP percentage of total XP
 D = Non-vault monster count
 E = Vault monster count
 F = Vault count percentage of total count
                 A         B        C        D         E       F
            +---------+---------+-------+---------+---------+-------
      Total |     129 |      43 |  25.0 |      41 |      16 |  28.1
            +---------+---------+-------+---------+---------+-------
        D:1 |      22 |       3 |  12.0 |      12 |       2 |  14.3
        D:2 |      81 |      10 |  11.0 |      21 |       6 |  22.2
        D:3 |      26 |      30 |  53.6 |       8 |       8 |  50.0
            +---------+---------+-------+---------+---------+-------
